 Dungeon Crawl Stone Soup version 0.28-a0-957-g42eb19b844 (webtiles) character file.

Game seed: 7729575392911482941

387 cheechan the Gusty (level 6, -1/37 HPs)
             Began as an Octopode Air Elementalist on Nov 30, 2021.
             Slain by an ice beast (5 damage)
             ... on level 4 of the Dungeon.
             The game lasted 00:18:21 (3757 turns).

cheechan the Gusty (Octopode Air Elementalist)      Turns: 3757, Time: 00:18:23

Health: -1/37      AC:  1    Str:  8    XL:     6   Next: 78%
Magic:  6/11       EV: 13    Int: 17    God:
Gold:   132        SH:  0    Dex: 14    Spells: 6/12 levels left

rFire   + . .      SeeInvis .   d - staff of air
rCold   + . .      Faith    .   (no shield)
rNeg    . . .      Spirit   .   (helmet restricted)
rPois   +          Reflect  .   (no amulet)
rElec   +          Harm     .   (no ring)
rCorr   +          Rampage  .   (no ring)
Will    .....                   (no ring)
Stlth   ++++......              (no ring)
HPRegen 0.12/turn               (no ring)
MPRegen 0.12/turn               (no ring)
                                (no ring)
                                (no ring)

@: resistant
A: almost no armour, amphibious, 8 rings, camouflage 1, gelatinous body 1,
(nimble swimmer 1), tentacles
a: no special abilities


You were on level 4 of the Dungeon.
You visited 1 branch of the dungeon, and saw 4 of its levels.

You collected 132 gold pieces.

Inventory:

Hand Weapons
 f - a +3 quarterstaff of chaos
 h - a +4 dagger
Missiles
 b - 40 sling bullets
 e - 15 arrows
 g - 6 atropa-tipped darts
Magical Staves
 d - a staff of air (weapon)
Wands
 c - a wand of iceblast (5)
Scrolls
 a - 3 scrolls of identify
Potions
 i - 2 potions of lignification
 l - a potion of resistance


   Skills:
 + Level 0.7 Fighting
 + Level 0.2(0.5) Maces & Flails
 + Level 0.5(0.6) Staves
 + Level 2.4 Dodging
 + Level 4.0 Stealth
 + Level 3.8 Spellcasting
 + Level 2.8 Conjurations
 + Level 4.8 Air Magic


You had 6 spell levels left.
You knew the following spells:

 Your Spells              Type           Power      Damage    Failure   Level
a - Shock                 Conj/Air       96%        1d9       3%          1
b - Static Discharge      Conj/Air       24%        N/A       4%          2
c - Swiftness             Air            29%        N/A       7%          3

Your spell library contained the following spells:

 Spells                   Type           Power      Damage    Failure   Level
 Airstrike                Air            14%        N/A       22%         4
 Olgreb's Toxic Radiance  Pois           3%         N/A       85%         4


Dungeon Overview and Level Annotations

Branches:
Dungeon (4/15)
 Temple: D:4-7

Altars:
Makhleb
Vehumet

Annotations:
D:4 1 transporter


Innate Abilities, Weirdness & Mutations

You cannot wear most types of armour.
You are amphibious.
You can wear up to eight rings at the same time.
Your skin changes colour to match your surroundings (Stealth+).
Your rubbery body absorbs attacks. (AC +1, EV +1)
((You are camouflaged near water. (Stealth+)))
You have tentacles for arms and can constrict up to eight enemies at once.


Message History

The ice beast hits you. The ice beast freezes you. You resist.
You feel much better. The ice beast hits you. The ice beast freezes you.
You resist.
You hit the ice beast.
The ice beast is heavily wounded.
The ice beast hits you. The ice beast freezes you. You resist.
The ice beast hits you. The ice beast freezes you. You resist.
* * * LOW HITPOINT WARNING * * *
Casting: Shock (safe; 3% risk of failure)
Confirm with . or Enter, or press ? or * to list all spells.
You feel a surge of power!
The ice beast is struck by an arc of lightning!
The ice beast is moderately wounded.
The ice beast is struck by an arc of lightning.
The ice beast is severely wounded.
The lightning grounds out.
Casting: Static Discharge (safe; 4% risk of failure)
Confirm with . or Enter, or press ? or * to list all spells.
You feel a surge of power!
The ice beast is struck by an arc of lightning.
The ice beast is severely wounded.
You resist.
You are struck by an arc of lightning.
The ice beast is struck by an arc of lightning.
The ice beast is almost dead.
The ice beast is struck by an arc of lightning.
The ice beast is severely wounded.
The lightning grounds out.
The ice beast hits you.
* * * LOW HITPOINT WARNING * * *
The ice beast freezes you. You resist.
* * * LOW HITPOINT WARNING * * *
You feel better. The ice beast barely misses you.
The ice beast closely misses you.
You feel better. The ice beast hits you.
* * * LOW HITPOINT WARNING * * *
The ice beast freezes you. You resist.
* * * LOW HITPOINT WARNING * * *
The ice beast hits you.
* * * LOW HITPOINT WARNING * * *
The ice beast freezes you. You resist.
You die...

###'#################..#
........................
........#######....###..
†.......# #.©..#
........# #########
........# #.○○○○☼.#
........# #°.☼○°.○#
.......## #☼○#©#☼☼#
.......# #☼○.@Y☼○#
.......# #○°#Y#○°#
#.###### #○.....○#
#.#############○°☼###
#..........# °☼○○○○.
##########.#°○○○○°☼☼°#
...# #.#°○○...°○°# ##.#
#.#○°°$:$°○○# #.#
#.#°°○?©[°○○#


You could see 2 ice beasts.

Vanquished Creatures
  An ogre (D:3)
  A scorpion (D:4)
  Crazy Yiuf (D:3)
  Ijyb (D:3)
  An iguana (D:4)
  A gnoll (D:1)
  6 adders
  A worm (D:2)
  5 orcs (D:4)
  7 bats
  12 endoplasms
  3 giant cockroaches
  5 goblins
  7 hobgoblins
  6 jackals
  7 kobolds
  5 quokkas
  7 ball pythons
  10 frilled lizards
  6 rats
93 creatures vanquished.

Vanquished Creatures (others)
  3 plants (D:1)
3 creatures vanquished.

Grand Total: 96 creatures vanquished

Notes
Turn   | Place    | Note
-------+----------+-------------------------------------------
     0 | D:1      | cheechan the Octopode Air Elementalist began the quest for
                  | the Orb.
     0 | D:1      | Reached XP level 1. HP: 11/11 MP: 3/3
   283 | D:1      | Reached XP level 2. HP: 17/17 MP: 0/5
   399 | D:1      | Got the Collected Works on Gliding Contamination
   483 | D:1      | Reached XP level 3. HP: 20/21 MP: 0/6
   688 | D:1      | Found a faded altar of an unknown god.
  1060 | D:2      | Reached XP level 4. HP: 15/27 MP: 1/7
  2165 | D:3      | Reached XP level 5. HP: 31/31 MP: 6/9
  2386 | D:3      | Learned a level 2 spell: Static Discharge
  2390 | D:3      | Learned a level 3 spell: Swiftness
  2441 | D:3      | Found a radiant altar of Vehumet.
  2514 | D:3      | Noticed Ijyb
  2517 | D:3      | Noticed an ogre
  2525 | D:3      | Killed an ogre
  2526 | D:3      | Reached XP level 6. HP: 18/37 MP: 0/10
  2530 | D:3      | Killed Ijyb
  2925 | D:3      | Found a runed translucent door.
  2926 | D:3      | Noticed Crazy Yiuf
  2936 | D:3      | Killed Crazy Yiuf
  3599 | D:4      | Found a burning altar of Makhleb.
  3599 | D:4      | Noticed a balrug
  3612 | D:4      | Noticed a smoke demon
  3612 | D:4      | Noticed an orange demon
  3733 | D:4      | Found a transporter.
  3746 | D:4      | Found a transporter.
  3746 | D:4      | Noticed an ice beast
  3746 | D:4      | Noticed an ice beast
  3755 | D:4      | HP: 1/37 [ice beast (6)]
  3757 | D:4      | Slain by an ice beast

Illustrated notes

Levels and vault maps discovered:
D:1:      amcnicky_arrival_flooded_fountain, layout_rooms,
          dreamdust_ecumenical_altar_angels_and_demons, minmay_lizard_king
D:2:      layout_basic, serial_park_tiny_pond
D:3:      layout_loops_ring, mainiacjoe_overflow_concentric_impassable,
          uniq_crazy_yiuf_cottage, uniq_ijyb
D:4:      gammafunk_cloud_chamber, layout_basic, mainiacjoe_overflow_brackets,
          makhleb_altar_promises_db, temple_hall, uniq_grinder

Skill      XL: |  1  2  3  4  5  6 |
---------------+-------------------+-----
Stealth        | 3 4 |  4.0
Air Magic      | 4 |  4.8
Conjurations   | 2 |  2.8
Spellcasting   | 3 |  3.8
Fighting       | |  0.7
Maces & Flails | |  0.2
Staves         | |  0.5
Dodging        | |  2.4

Action                   |  1- 3 |  4- 6 || total
-------------------------+-------+-------++-------
Melee: Unarmed           |     3 |       ||     3
       Constrict         |     6 |     4 ||    10
       Club              |    19 |       ||    19
       Tentacles         |     2 |     4 ||     6
       Staff             |     3 |    24 ||    27
       Flail             |     3 |       ||     3
 Cast: Shock             |    53 |   106 ||   159
       Swiftness         |       |     1 ||     1
       Static Discharge  |       |     2 ||     2
  Use: Scroll            |       |     8 ||     8
       Potion            |       |     4 ||     4
 Stab: Sleeping          |     1 |       ||     1
Armor: Skin              |     1 |     2 ||     3
Dodge: Dodged            |    17 |    25 ||    42

Table legend: (Time is in decaauts)
 A = Elapsed time spent in this place.
 B = Non-inter-level travel time spent in this place.
 C = Inter-level travel time spent in this place.
 D = Time resting spent in this place.
 E = Time spent auto-exploring this place.
 F = Levels seen in this place.
 G = Mean time per level.
                   A        B        C        D        E       F      G
               +--------+--------+--------+--------+--------+-----+--------+
         Total |   3765 |   3765 |      0 |   1272 |      0 |   4 |  941.2 |
       Dungeon |   3765 |   3765 |      0 |   1272 |      0 |   4 |  941.2 |
               +--------+--------+--------+--------+--------+-----+--------+

Top non-repeatable levels by time:
     D:2: 1115 daAuts
     D:3: 1106 daAuts
     D:1: 996 daAuts
     D:4: 546 daAuts
